 Dungeon Crawl Stone Soup version 0.25.0-1-g7eea58d (webtiles) character file.

Game seed: 6593562136456023105

1493347 willcat the Slayer (level 25, 162/236 HPs)
             Began as a Hill Orc Earth Elementalist on June 14, 2020.
             Was a High Priest of Beogh.
             Escaped with the Orb
             ... and 3 runes!
             The game lasted 02:45:23 (79510 turns).

willcat the Slayer (Hill Orc Earth Elementalist)   Turns: 79510, Time: 02:45:24

Health: 162/236    AC: 32    Str: 26      XL:     25   Next: 46%
Magic:  40/41      EV: 15    Int: 15      God:    Beogh [*****.]
Gold:   5528       SH: 22    Dex: 10 (11) Spells: 26/27 levels left

rFire    + . .     SeeInvis +   a - +7 demon whip of Dowku {flame, rC+ MR+ MP+9}
rCold    + + .     Gourm    .   E - +0 tower shield of the Cricket {Harm rElec MR++ rCorr Stlth-}
rNeg     + . .     Faith    +   U - +2 gold dragon scales
rPois    +         Spirit   .   B - +2 hood of the Assassin {Detection Stab+ Stlth++}
rElec    +         Reflect  .   W - +2 cloak
rCorr    +         Harm     +   v - +1 pair of gloves {Str+3}
MR       ++++.                  M - +2 pair of boots {run}
Stlth    ..........             A - amulet of faith
HPRegen  0.49/turn              X - ring of Qaikor {+Blink EV+4}
MPRegen  0.27/turn              J - ring "Dinyinurr" {rN+ Slay+2}

@: studying Axes, quick
A: walk on water, fangs 1, see invisible, deformed body, deterioration 1, no
potion heal 1
0: Orb of Zot
}: 3/15 runes: decaying, silver, gossamer
a: Smiting, Recall Orcish Followers, Give Item to Named Follower, Renounce
Religion, Evoke Blink


You escaped.
You worshipped Beogh.
Beogh was extremely pleased with you.
You were not hungry.

You visited 8 branches of the dungeon, and saw 46 of its levels.
You visited 1 ziggurat, and saw 5 of its levels.
You also visited: Trove, Ice Cave and Wizlab.

You collected 7464 gold pieces.
You spent 1936 gold pieces at shops.

Inventory:

Hand Weapons
 a - the +7 demon whip of Dowku (weapon) {flame, rC+ MR+ MP+9}
   (You acquired it on level 2 of the Spider Nest)

   It has been specially enchanted to burn those struck by it, causing extra
   injury to most foes and up to half again as much damage against particularly
   susceptible opponents.
   It protects you from cold.
   It affects your resistance to hostile enchantments.
   It affects your magic capacity (+9).
 b - a +9 vampiric eveningstar
Missiles
 c - 23 curare-tipped darts (quivered)
 y - 2 throwing nets
Armour
 j - a +0 tower shield
 v - a +1 pair of gloves of strength (worn)
 B - the +2 hood of the Assassin (worn) {Detection Stab+ Stlth++}
   (You found it on level 2 of the Depths)

   It makes you much more stealthy.
 E - the +0 tower shield of the Cricket (worn) {Harm rElec MR++ rCorr Stlth-}
   (You acquired it on level 4 of the Depths)

   It insulates you from electricity.
   It affects your resistance to hostile enchantments.
   It provides partial protection from all sources of acid and corrosion.
   It increases damage dealt and taken.
   It makes you less stealthy.
 M - a +2 pair of boots of running (worn)
 U - +2 gold dragon scales (worn)
 W - a +2 cloak (worn)
Jewellery
 l - an uncursed ring of protection from magic
 m - the ring "Qoas" {Fire MP-9 Dex+9 Slay+2 Stlth+}
   (You took it off a frost giant on level 2 of the Depths)

   [ring of fire]

   It enhances your fire magic.
   It affects your dexterity (+9).
   It affects your accuracy and damage with ranged weapons and melee attacks
   (+2).
   It protects you from fire.
   It makes you vulnerable to cold.
   It affects your magic capacity (-9).
   It makes you more stealthy.
 x - the ring "Voitt" {Ice rN++ Int-3}
   (You found it in a treasure trove)

   [ring of ice]

   It enhances your ice magic.
   It affects your intelligence (-3).
   It makes you vulnerable to fire.
   It protects you from cold.
   It greatly protects you from negative energy.
 A - an amulet of faith (around neck)
 H - an uncursed ring of protection from cold
 J - the ring "Dinyinurr" (right hand) {rN+ Slay+2}
   (You found it on level 3 of the Vaults)

   [ring of positive energy]

   It affects your accuracy and damage with ranged weapons and melee attacks
   (+2).
   It protects you from negative energy.
 X - the ring of Qaikor (left hand) {+Blink EV+4}
   (You found it in a wizard's laboratory)

   [ring of evasion]

   It affects your evasion (+4).
   It lets you blink.
Wands
 z - a wand of clouds (4)
 L - a wand of iceblast (43)
 R - a wand of acid (22)
 Y - a wand of digging (26)
Scrolls
 e - 7 scrolls of immolation
 i - 13 scrolls of teleportation
 k - 3 scrolls of fear
 n - a scroll of summoning
 q - a scroll of silence
 s - 19 scrolls of remove curse
 w - 2 scrolls of magic mapping
 G - 2 scrolls of amnesia
 I - 7 scrolls of blinking
 K - 3 scrolls of holy word
 P - 5 scrolls of fog
Potions
 f - 8 potions of haste
 g - 7 potions of magic
 h - 8 potions of lignification
 o - 5 potions of brilliance
 p - 18 potions of curing
 r - 6 potions of flight
 t - 5 potions of heal wounds
 u - 5 potions of ambrosia
 C - 4 potions of mutation
 F - 2 potions of resistance
 N - 3 potions of might
 Q - a potion of invisibility
 V - 8 potions of cancellation
Books
 D - a manual of Axes
Miscellaneous
 T - 3 boxes of beasts
Comestibles
 d - 35 rations


   Skills:
 + Level 21.4 Fighting
   Level 9.9 Long Blades
 - Level 6.7(14.8) Axes
 - Level 17.3(17.6) Maces & Flails
 - Level 2.1 Throwing
 + Level 21.3 Armour
 + Level 15.8 Dodging
 + Level 4.7 Stealth
 + Level 18.7 Shields
 - Level 1.5 Spellcasting
   Level 0.6 Transmutations
 - Level 5.3 Earth Magic
 + Level 13.2 Invocations
 + Level 10.6 Evocations


You had 26 spell levels left.
You knew the following spells:

 Your Spells              Type           Power        Failure   Level  Hunger
a - Sandblast             Erth           ###...       56%         1    ##.....

Your spell library contained the following spells:

 Spells                   Type           Power        Failure   Level  Hunger
 Passwall                 Tmut/Erth      ##......     95%         2    ###....
 Animate Skeleton         Necr           N/A          99%         1    ##.....
 Apportation              Tloc           #.....       99%         1    ##.....
 Corona                   Hex            #......      99%         1    ##.....
 Foxfire                  Conj/Fire      #...         99%         1    ##.....
 Infusion                 Chrm           #...         99%         1    ##.....
 Magic Dart               Conj           #...         99%         1    ##.....
 Shock                    Conj/Air       #...         99%         1    ##.....
 Sting                    Tmut/Pois      #...         99%         1    ##.....
 Summon Butterflies       Summ           #.......     99%         1    ##.....
 Summon Small Mammal      Summ           #...         99%         1    ##.....
 Stone Arrow              Conj/Erth      #.....       99%         3    ####...
 Corpse Rot               Necr/Air       N/A          100%        2    ###....
 Ensorcelled Hibernation  Hex/Ice        #.....       100%        2    ###....
 Poisonous Vapours        Pois/Air       #.....       100%        2    ###....
 Searing Ray              Conj           #.....       100%        2    ###....
 Shroud of Golubria       Chrm/Tloc      #.....       100%        2    ###....
 Song of Slaying          Chrm           #.......     100%        2    ###....
 Sublimation of Blood     Necr           #.........   100%        2    ###....
 Swiftness                Chrm/Air       #.......     100%        2    ###....
 Confusing Touch          Hex            #.......     100%        3    ####...
 Conjure Flame            Conj/Fire      #.......     100%        3    ####...
 Dazzling Flash           Conj/Hex       #.....       100%        3    ####...
 Ignite Poison            Fire/Tmut/Pois #.......     100%        3    ####...
 Inner Flame              Hex/Fire       #.......     100%        3    ####...
 Lesser Beckoning         Tloc           #.........   100%        3    ####...
 Mephitic Cloud           Conj/Pois/Air  #.......     100%        3    ####...
 Ozocubu's Armour         Chrm/Ice       #.......     100%        3    ####...
 Spectral Weapon          Hex/Chrm       #.......     100%        3    ####...
 Static Discharge         Conj/Air       #.......     100%        3    ####...
 Tukima's Dance           Hex            #.......     100%        3    ####...
 Airstrike                Air            #.........   100%        4    #####..
 Cause Fear               Hex            #.........   100%        4    #####..
 Fulminant Prism          Conj/Hex       #.........   100%        4    #####..
 Iskenderun's Mystic Bla  Conj/Tloc      #.......     100%        4    #####..
 Olgreb's Toxic Radiance  Pois           #.......     100%        4    #####..
 Petrify                  Tmut/Erth      ##......     100%        4    #####..
 Sticky Flame             Conj/Fire      #.......     100%        4    #####..
 Alistair's Intoxication  Tmut/Pois      #.......     100%        5    ######.
 Bolt of Magma            Conj/Fire/Erth #.........   100%        5    ######.
 Fireball                 Conj/Fire      #.........   100%        5    ######.
 Irradiate                Conj/Tmut      #.........   100%        5    ######.
 Iskenderun's Battlesphe  Conj/Chrm      #.......     100%        5    ######.
 Lee's Rapid Deconstruct  Erth           ###.......   100%        5    ######.
 Lightning Bolt           Conj/Air       #.........   100%        5    ######.
 Conjure Ball Lightning   Conj/Air       #.........   100%        6    #######
 Eringya's Noxious Bog    Tmut/Pois      #.........   100%        6    #######
 Freezing Cloud           Conj/Ice/Air   #.........   100%        6    #######
 Invisibility             Hex            #.......     100%        6    #######
 Iron Shot                Conj/Erth      #.........   100%        6    #######
 Starburst                Conj/Fire      #.........   100%        6    #######
 Dragon Form              Tmut           #.........   100%        7    #######
 Ring of Flames           Chrm/Fire      #.........   100%        7    #######
 Ignition                 Fire           #.........   100%        8    #######
 Lehudib's Crystal Spear  Conj/Erth      #.........   100%        8    #######
 Necromutation            Tmut/Necr      #.........   100%        8    #######
 Dragon's Call            Summ           #.........   100%        9    #######
 Shatter                  Erth           ###.......   100%        9    #######
 Tornado                  Air            #.........   100%        9    #######
 Passage of Golubria      Tloc           Unusable     N/A         4    N/A

Dungeon Overview and Level Annotations

Branches:
Dungeon (15/15)            Temple (0/1) D:7            Lair (6/6) D:10
  Swamp (4/4) Lair:3       Spider (4/4) Lair:3        Slime (0/5) Lair:6
    Orc (2/2) D:10            Elf (0/3) Orc:2        Vaults (5/5) D:14
  Crypt (0/3) Vaults:2     Depths (5/5) D:15            Zot (5/5) Depths:5
  IceCv (visited)          WizLab (visited)

Altars:
Ashenzari
Dithmenos
Fedhas
Gozag
Hepliaklqana
Makhleb
Nemelex Xobeh
Okawaru
Qazlal
Ru
Sif Muna
Uskayaw
Xom
Yredelemnul
The Shining One
Beogh
Jiyva

Shops:
D:9 !   D:15 **   Orc:2 ![}[   Depths:3 }==   Depths:5 (

Portals:
Hell: Depths:1 Depths:2 Depths:3 Depths:4 Depths:5
Abyss: Depths:2 Depths:3 Depths:4 Depths:5
Pandemonium: Depths:3

Annotations:
D:1 Terence


Innate Abilities, Weirdness & Mutations

You can walk on water.
You have very sharp teeth.
You have supernaturally acute eyesight. (SInv)
Armour fits poorly on your strangely shaped body.
Your body sometimes deteriorates upon taking damage.
Potions are less effective at restoring your health.


Message History

(N) Spider Nest (M) Slime Pits (O) Orcish Mines (E) Elven Halls (V) Vaults (C) Crypt (U) Depths (H) Hell (Z) Zot
Where to? (Enter - D:1, ? - help)
What level of the Dungeon? (default 1, ? - help)
There is a stone staircase leading up here.
You climb upwards.
There is a stone staircase leading down here.
There is a stone staircase leading up here.
You climb upwards.
Level annotation: Terence
There is a stone staircase leading down here.
There is an open door here.
There is a staircase leading out of the dungeon here.
You begin recalling your allies.
Wardok is recalled.
Borgk is recalled.
Bogdar is recalled.
Saint Roka is recalled.
Bogric is recalled.
Murdo is recalled.
You finish recalling your allies.
You have escaped!

.# #..##..# #.# #.# #♣♣♣≈
.# #......# #.# #.# ## .#
##.#...#####.###.# ##### .#
#.#.............# #.... .#
#.##.......(####### #.###
.#
###.##...########...###....
.#
#...##.###≈≈≈≈≈##'#........
.#
#.#######o.o.....8####.....
.#
#.#...##.o@o........'..#..#
.#
#.#.#####o.o.....8###..#..#
.# #.#.#
####≈≈≈≈≈##'####.#..# .#
#.#.# #.#########..# #.#...
.######.#.# #............#
#>#.##
.....>..#.###.############
#.#... .##...........#
#.#### ....#####.##### #.#
.########.########
#######.####


You could see the friendly Saint Roka, the friendly Bogdar the orc warlord, the
friendly Bogric the orc warlord, the friendly Borgk the orc warlord, the
friendly Wardok the orc warlord and the friendly Murdo the orc knight.

Vanquished Creatures
  2 ancient liches (Zot:5)
  A greater mummy (Zig:4)
  A shard shrike (shapeshifter) (Vaults:5)
  2 Killer Klowns (Zot:5)
  A curse toe (Zot:5)
  6 golden dragons
  A Cloud Mage (WizLab)
  3 tentacled monstrosities
  13 Orb Guardians
  An Ice Fiend (Depths:2)
  A deep elf blademaster (Vaults:3)
  2 quicksilver dragons
  A death cob (Zot:3)
  A pandemonium lord (Zig:1)
  2 shadow dragons
  3 sphinxes
  5 storm dragons
  A draconian monk (Depths:5)
  2 fire giants (Depths:5)
  3 ghost moths
  2 draconian knights
  3 deep elf sorcerers
  3 frost giants
  2 iron dragons (Vaults:4)
  An orc warlord (Orc:2)
  4 vault wardens
  3 emperor scorpions
  A draconian stormcaller (Zot:1)
  3 draconian shifters
  A draconian annihilator (Zot:5)
  6 very ugly things
  A war gargoyle (Vaults:5)
  11 stone giants
  An ironheart preserver (Vaults:4)
  A deep elf demonologist (Zig:3)
  4 entropy weavers
  2 yellow draconians
  A vampire knight (Zig:2)
  A green draconian (Zot:4)
  A pale draconian (Depths:5)
  4 spark wasps (WizLab)
  2 red draconians (Zot:1)
  5 purple draconians
  8 white draconians
  4 black draconians
  8 ettins
  4 blizzard demons
  The ghost of Luam the Spear-Bearer, a journeyman OpFi of Cheibriados (Lair:5)
  5 fire dragons
  4 ice dragons
  28 vault guards
  3 great orbs of eyes
  10 hydras
  Fannar (D:10)
  7 yaktaur captains
  2 spriggan air magi (WizLab)
  4 ghost crabs
  A death knight (Vaults:5)
  2 rakshasas
  2 centaur warriors (Depths:1)
  4 ogre magi
  10 two-headed ogres
  A dancing weapon (Zig:3)
  4 alligators
  A death yak (D:9)
  3 deep troll earth magi
  An orc high priest (Orc:2)
  A deep troll shaman (Depths:3)
  3 vampire magi
  3 spriggan berserkers
  2 shock serpents (WizLab)
  A satyr (shapeshifter) (Vaults:2)
  2 deep elf knights
  2 skeletal warriors (Vaults:1)
  2 shadow wraiths
  8 unseen horrors
  A cherub (Depths:3)
  A death drake (shapeshifter) (Vaults:5)
  A flayed ghost (Vaults:5)
  A death drake (WizLab)
  10 swamp dragons
  2 glowing orange brains
  4 deep trolls
  2 phantasmal warriors
  5 ironbrand convokers
  4 wizards
  2 orc knights
  18 wolf spiders
  10 orb spiders
  3 harpies
  A necromancer (Vaults:3)
  11 ugly things
  4 deep elf magi
  2 cyclopes
  A tengu skeleton (Vaults:3)
  An elephant (Lair:6)
  A guardian serpent (shapeshifter) (Vaults:1)
  12 moths of wrath
  8 vault sentinels
  3 black mambas
  4 torpor snails
  8 spiny frogs
  8 apocalypse crabs (WizLab)
  A rust devil (Depths:5)
  An eye of devastation (shapeshifter) (Vaults:5)
  Maggie (D:8)
  3 freezing wraiths
  8 demonic crawlers
  An ice devil (Depths:2)
  21 yaktaurs
  A guardian mummy (Zig:4)
  3 meliai (Spider:4)
  A yaktaur skeleton (Vaults:3)
  3 trolls
  10 polar bears (IceCv)
  4 tyrant leeches
  21 jumping spiders
  2 shadow dragon simulacra
  A queen bee (D:9)
  A wind drake (WizLab)
  An iron dragon simulacrum (Depths:2)
  9 slime creatures
  3 bog bodies
  5 hippogriffs
  A slime creature (shapeshifter) (Vaults:5)
  3 blink frogs
  A hippogriff (shapeshifter) (Depths:1)
  A raiju (shapeshifter) (Vaults:2)
  16 hornets
  A frost giant simulacrum (Vaults:2)
  10 air elementals (WizLab)
  A human simulacrum (Vaults:2)
  A water elemental (Depths:4)
  Sigmund (D:6)
  A flying skull (Zig:4)
  41 redbacks
  2 wraiths
  An elf simulacrum (Depths:2)
  24 tarantellas
  A spriggan (D:8)
  7 wyverns
  A basilisk (D:9)
  3 large abominations (Depths:2)
  33 yaks
  A hungry ghost (D:8)
  3 shadows
  A human (shapeshifter) (Depths:1)
  4 vampire mosquitoes
  11 killer bees
  2 wargs (Depths:5)
  A spriggan simulacrum (Depths:2)
  9 soldier ants (Spider:2)
  Duvessa (D:6)
  13 swamp worms
  11 water moccasins
  3 porcupines
  A floating eye (Depths:4)
  5 orc warriors
  3 sky beasts
  9 ice beasts
  12 swamp drakes
  A human zombie (Vaults:3)
  An eye of draining (D:14)
  2 phantoms
  An elf zombie (Vaults:5)
  An eye of draining (shapeshifter) (Depths:3)
  11 ogres
  8 boggarts
  6 centaurs
  11 wolves
  3 human skeletons
  8 crocodiles
  A big kobold (D:14)
  9 bullfrogs
  An earth elemental (Zig:3)
  Dowan (D:6)
  9 scorpions
  4 howler monkeys
  A bullfrog zombie (D:8)
  4 crimson imps
  A centaur zombie (D:7)
  A jelly (D:10)
  2 orc priests
  5 hounds
  A bullfrog skeleton (D:8)
  7 orc wizards
  A small abomination (Depths:2)
  An iron imp (Depths:3)
  3 centaur skeletons
  19 worker ants
  4 mummies (Zig:4)
  A worker ant zombie (D:10)
  14 gnolls
  12 adders
  2 shadow imps
  2 oozes (D:1)
  2 adder zombies
  2 worms
  A dart slug (D:1)
  4 leopard geckos
  27 orcs
  5 bats
  5 giant cockroaches
  2 gnoll zombies (D:6)
  3 goblins
  9 hobgoblins
  4 jackals (D:9)
  3 quokkas
  A ball python (D:1)
  8 frilled lizards
  A jackal zombie (D:6)
  13 kobolds
  7 rats
  4 plants (Depths:4)
986 creatures vanquished.

Vanquished Creatures (collateral kills)
  3 orbs of fire (Zot:5)
  Bai Suzhen (Depths:3)
  A Killer Klown (Zot:5)
  The ghost of ragingrage the Executioner, a veteran HOFi of Beogh (Vaults:3)
  5 golden dragons
  An electric golem (Zot:5)
  2 Tzitzimimeh
  Rupert (D:12)
  5 tentacled monstrosities
  10 Orb Guardians (Zot:5)
  5 liches
  4 titans
  A deep elf master archer (Vaults:3)
  3 sphinxes (Vaults:5)
  A quicksilver dragon (Zot:1)
  An Executioner (Zot:1)
  A thorn hunter (Swamp:4)
  An ancient champion (Vaults:2)
  3 death cobs
  The ghost of Himmaryad the Brawler, an adept TrMo of Nemelex Xobeh (Depths:2)
  7 shadow dragons
  2 storm dragons (Zot:1)
  A draconian monk (Zot:4)
  Donald (Swamp:4)
  6 tengu reavers
  5 frost giants
  3 fire giants
  3 draconian knights (Zot:1)
  The ghost of Yore the Warrior, an adept GrFi of the Shining One (D:15)
  A deep elf sorcerer (Vaults:5)
  2 draconian scorchers
  An iron dragon (Depths:4)
  3 draconian shifters (Zot:1)
  A ghost moth (Zot:5)
  An orc warlord (Vaults:3)
  2 emperor scorpions (Spider:4)
  Louise (Depths:4)
  18 vault wardens
  8 ironheart preservers
  Aizul (Swamp:3)
  2 deep elf elementalists
  4 very ugly things
  2 draconian annihilators (Zot:1)
  A war gargoyle (Vaults:4)
  A vampire knight (Depths:4)
  4 entropy weavers
  7 green draconians
  4 deep elf demonologists
  A pale draconian (Depths:5)
  10 stone giants
  3 deep elf annihilators
  2 black draconians (Zot:1)
  4 yellow draconians
  An ettin (shapeshifter) (Vaults:5)
  5 white draconians
  3 purple draconians
  9 ettins
  3 red draconians
  A spark wasp (WizLab)
  2 deep elf death magi
  4 great orbs of eyes
  8 fire dragons
  A deep elf high priest (Depths:3)
  2 great orbs of eyes (shapeshifter) (Vaults:5)
  9 vault guards
  4 rakshasas
  8 yaktaur captains
  8 ice dragons
  A spriggan air mage (Depths:3)
  3 shambling mangroves
  10 hydras
  10 ogre magi
  2 death knights
  A naga warrior (Vaults:3)
  8 alligators
  10 centaur warriors
  A queen ant (Spider:2)
  19 two-headed ogres
  3 dancing weapons
  5 deep troll earth magi
  3 tengu warriors
  5 deep troll shamans
  2 two-headed ogres (shapeshifter)
  3 spriggan berserkers
  2 orc high priests (Orc:2)
  2 soul eaters
  4 deep elf knights
  2 iron trolls (Depths:1)
  A shadow wraith (Vaults:4)
  4 skeletal warriors
  4 swamp dragons
  3 unseen horrors
  An orange crystal statue (Depths:4)
  A glowing orange brain (Depths:2)
  11 deep trolls
  4 phantasmal warriors
  11 ironbrand convokers
  4 deep elf archers
  A harpy (Vaults:4)
  2 lindwurms (Lair:6)
  2 necromancers
  3 orb spiders
  8 orc knights
  7 wolf spiders
  4 orc sorcerers
  2 oklob plants (Lair:2)
  A manticore (D:12)
  A wolf spider (shapeshifter) (Vaults:5)
  3 cyclopes
  An elephant (Lair:6)
  9 deep elf magi
  35 ugly things
  2 black mambas
  A frost giant skeleton (Vaults:5)
  8 moths of wrath
  A black mamba (shapeshifter) (D:15)
  2 torpor snails (Lair:6)
  11 vault sentinels
  A guardian serpent (shapeshifter) (Vaults:4)
  A gargoyle (D:13)
  15 spiny frogs
  3 centaur skeletons
  A kobold demonologist (D:14)
  An efreet (D:11)
  31 yaktaurs
  A rime drake (Lair:2)
  5 komodo dragons
  2 yaktaurs (shapeshifter)
  2 ice devils (Depths:2)
  A golden dragon simulacrum (Depths:2)
  6 freezing wraiths
  4 tengu conjurers
  2 demonic crawlers
  3 meliai (D:14)
  2 red devils
  A queen bee (shapeshifter) (Vaults:2)
  3 trolls
  A sphinx simulacrum (Vaults:1)
  10 jumping spiders
  A tengu simulacrum (Depths:2)
  6 polar bears
  11 hornets
  15 slime creatures
  8 tyrant leeches
  A slime creature (shapeshifter) (Vaults:5)
  A snapping turtle (shapeshifter) (Vaults:5)
  A bog body (Swamp:3)
  2 hippogriffs (Lair:6)
  6 blink frogs
  An air elemental (WizLab)
  12 redbacks
  2 shadows
  A spriggan (Swamp:3)
  3 tarantellas
  A vampire (D:13)
  A basilisk (Lair:1)
  A human (shapeshifter) (Vaults:4)
  A hog (shapeshifter) (D:13)
  51 yaks
  A wraith (D:14)
  6 wyverns
  2 hungry ghosts
  7 vampire mosquitoes
  A chaos spawn (Depths:2)
  An elf simulacrum (Vaults:5)
  2 steam dragons (Depths:5)
  2 small abominations (Depths:2)
  12 wargs
  5 soldier ants (Spider:2)
  8 large abominations
  6 swamp worms
  An acid dragon (D:15)
  8 water moccasins
  A porcupine (Lair:1)
  15 orc warriors
  2 necrophages (D:11)
  2 ogres (shapeshifter)
  A sky beast (D:14)
  3 phantoms
  A boggart (Vaults:1)
  A black bear (D:11)
  8 ogres
  9 centaurs
  4 wolves
  6 crocodiles
  2 big kobolds
  10 bullfrogs
  A gnoll sergeant (D:12)
  A human simulacrum (Depths:2)
  2 scorpions
  8 killer bees
  5 wights (D:13)
  2 electric eels
  2 crimson imps
  A centaur zombie (D:11)
  3 hounds
  3 orc priests
  A jelly (D:10)
  8 orc wizards
  An iguana (D:14)
  7 worker ants
  4 gnolls (D:12)
  An adder (D:12)
  A leopard gecko (D:11)
  17 orcs
  4 giant cockroaches (Lair:3)
  5 kobolds
  A butterfly (Lair:2)
  7 fungi
  21 plants
931 creatures vanquished.

Vanquished Creatures (others)
  7 orc warlords
  A purple draconian (Zot:4)
  A spark wasp (WizLab)
  A blizzard demon (WizLab)
  2 spriggan air magi (WizLab)
  20 orc knights
  A wizard (Depths:1)
  4 orc sorcerers
  4 elephants (Lair:6)
  14 orc warriors
  2 polar bears (IceCv)
  A blink frog (Swamp:4)
  2 air elementals (WizLab)
  A yak (IceCv)
  A steam dragon (Depths:5)
  2 wolves (IceCv)
  4 killer bees (D:9)
  19 orc priests
  12 orc wizards
  58 orcs
  A quokka (D:9)
  15 fungi
  15 plants
188 creatures vanquished.

Grand Total: 2105 creatures vanquished

Notes
Turn   | Place    | Note
-------+----------+-------------------------------------------
     0 | D:1      | willcat the Hill Orc Earth Elementalist began the quest for
                  | the Orb.
     0 | D:1      | Reached XP level 1. HP: 14/14 MP: 3/3
    99 | D:1      | Reached skill level 1 in Fighting
   247 | D:1      | Reached XP level 2. HP: 21/23 MP: 1/4
   686 | D:1      | Reached XP level 3. HP: 24/29 MP: 3/5
  1277 | D:2      | Noticed Terence
  1570 | D:2      | Reached XP level 4. HP: 37/37 MP: 3/6
  2716 | D:3      | Found a sacrificial altar of Ru.
  2979 | D:4      | Reached XP level 5. HP: 41/45 MP: 0/7
  3076 | D:4      | Reached skill level 1 in Armour
  3550 | D:4      | Noticed an ogre
  3562 | D:4      | Killed an ogre
  3562 | D:4      | Reached skill level 1 in Throwing
  3562 | D:4      | Reached XP level 6. HP: 52/52 MP: 8/8
  3768 | D:4      | Reached skill level 5 in Earth Magic
  4070 | D:4      | Reached XP level 7. HP: 59/60 MP: 5/9
  4167 | D:4      | Reached skill level 5 in Fighting
  4529 | D:5      | Entered Level 5 of the Dungeon
  4582 | D:5      | Became a worshipper of Beogh the Brigand
  4600 | D:5      | Reached skill level 1 in Axes
  4993 | D:5      | Reached skill level 1 in Long Blades
  5419 | D:5      | Reached XP level 8. HP: 68/68 MP: 7/10
  5913 | D:5      | Found a stormy altar of Qazlal.
  5947 | D:5      | Found a blossoming altar of Fedhas.
  5972 | D:5      | Found a shimmering altar of Xom.
  5974 | D:5      | Found a sparkling altar of Nemelex Xobeh.
  5974 | D:5      | Found a blossoming altar of Fedhas.
  5976 | D:5      | Found a shattered altar of Ashenzari.
  5976 | D:5      | Found a hide-covered altar of Uskayaw.
  5976 | D:5      | Found a basalt altar of Yredelemnul.
  6097 | D:5      | Found a glowing golden altar of the Shining One.
  6157 | D:6      | Noticed Duvessa
  6188 | D:6      | Killed Duvessa
  6188 | D:6      | Reached skill level 5 in Armour
  6200 | D:6      | Noticed Dowan
  6225 | D:6      | Killed Dowan
  6445 | D:6      | Found a basalt altar of Yredelemnul.
  6506 | D:6      | Noticed Sigmund
  6522 | D:6      | Killed Sigmund
  6803 | D:6      | Reached * piety under Beogh
  6840 | D:6      | Reached XP level 9. HP: 70/74 MP: 11/11
  6861 | D:6      | Reached skill level 5 in Long Blades
  7568 | D:7      | Found a staircase to the Ecumenical Temple.
  7953 | D:7      | Reached skill level 5 in Dodging
  8293 | D:7      | Got a buzzing rapier
  8294 | D:7      | Identified the +5 rapier "Duom Ity" {holy, rN+ Str+2} (You
                  | found it on level 7 of the Dungeon)
  8742 | D:8      | Reached ** piety under Beogh
  8821 | D:8      | Reached skill level 1 in Invocations
  8821 | D:8      | Reached skill level 1 in Evocations
  9154 | D:8      | Noticed Maggie
  9184 | D:8      | Killed Maggie
  9184 | D:8      | Reached XP level 10. HP: 48/81 MP: 12/12
  9443 | D:8      | Noticed a two-headed ogre
  9601 | D:8      | Killed a two-headed ogre
  9858 | D:9      | Found a shadowy altar of Dithmenos.
 10174 | D:9      | Found a shimmering blue altar of Sif Muna.
 10561 | D:9      | Reached skill level 5 in Invocations
 11561 | D:9      | Found Dykhiach's Distillery.
 11920 | D:9      | Noticed a two-headed ogre
 11928 | D:9      | Killed a two-headed ogre
 11928 | D:9      | Reached XP level 11. HP: 86/86 MP: 12/15
 12133 | D:10     | Entered Level 10 of the Dungeon
 12182 | D:10     | Reached *** piety under Beogh
 12438 | D:10     | Noticed a death yak
 12439 | D:10     | Found a staircase to the Lair.
 12496 | D:9      | Killed a death yak
 13221 | D:10     | Noticed Fannar
 13246 | D:10     | Killed Fannar
 13246 | D:10     | Reached skill level 5 in Evocations
 13718 | D:10     | Noticed a two-headed ogre
 13729 | D:10     | Killed a two-headed ogre
 13994 | D:10     | Found a roughly hewn altar of Beogh.
 13994 | D:10     | Found a staircase to the Orcish Mines.
 14417 | Lair:1   | Entered Level 1 of the Lair of Beasts
 14422 | Lair:1   | Reached **** piety under Beogh
 14931 | Lair:1   | Found a shimmering altar of Xom.
 15901 | Lair:1   | Noticed a four-headed hydra
 15909 | Lair:1   | Killed a five-headed hydra
 15909 | Lair:1   | Reached skill level 10 in Armour
 16176 | Lair:2   | Noticed an eight-headed hydra
 16183 | Lair:2   | Killed an 11-headed hydra
 16183 | Lair:2   | Reached XP level 12. HP: 80/94 MP: 18/18
 16386 | Lair:2   | Noticed a seven-headed hydra
 16395 | Lair:2   | Killed an eight-headed hydra
 16402 | Lair:2   | Gained Boghold as an ally
 17126 | Orc:1    | Entered Level 1 of the Orcish Mines
 17216 | Orc:1    | You fall into a shaft and drop 1 floor!
 17216 | Orc:2    | Entered Level 2 of the Orcish Mines
 17229 | Orc:2    | Noticed a soul eater
 17230 | Orc:2    | Reached skill level 1 in Maces & Flails
 17648 | Orc:2    | Noticed an orc warlord
 17666 | Orc:2    | Reached ***** piety under Beogh
 17702 | Orc:2    | Found a staircase to the Elven Halls.
 17977 | Orc:2    | Found Nidiv's Distillery.
 17980 | Orc:2    | Noticed an orc high priest
 17981 | Orc:2    | Noticed an orc high priest
 17986 | Orc:2    | Noticed an orc high priest
 17991 | Orc:2    | Noticed a sun demon
 17992 | Orc:2    | Killed an orc high priest
 17993 | Orc:2    | Killed an orc high priest
 17993 | Orc:2    | Your ally Boghold died
 17997 | Orc:2    | Killed an orc high priest
 17997 | Orc:2    | Gained Bolgrim as an ally
 18748 | Orc:2    | Found Qyuh's Armour Shoppe.
 18749 | Orc:2    | Found Remifa's Gadget Shop.
 18749 | Orc:2    | Found Uptufae's Armour Shop.
 19261 | Orc:1    | Found a roughly hewn altar of Beogh.
 20339 | D:11     | Found a shimmering altar of Xom.
 20915 | D:12     | Noticed a seven-headed hydra
 20930 | D:12     | Killed a seven-headed hydra
 20930 | D:12     | Reached skill level 5 in Maces & Flails
 21149 | D:12     | Gained Bogrim as an ally
 21655 | D:12     | Found a hazy altar of Hepliaklqana.
 21655 | D:12     | Noticed a two-headed ogre
 21668 | D:12     | Killed a two-headed ogre
 21670 | D:12     | Reached XP level 13. HP: 46/100 MP: 19/19
 21938 | D:12     | Found a burning altar of Makhleb.
 22275 | D:12     | Noticed Rupert
 22287 | D:12     | Killed Rupert
 22813 | D:13     | Reached ****** piety under Beogh
 24283 | D:14     | Reached skill level 1 in Shields
 24555 | D:14     | Found a gate to the Vaults.
 24556 | D:14     | Found a blossoming altar of Fedhas.
 24560 | D:14     | Gained Ogrik as an ally
 25003 | D:14     | Found a portal to a secret trove of treasure.
 25037 | D:14     | Gained Morguth as an ally
 25401 | D:14     | Noticed a fire dragon
 25408 | D:14     | Killed a fire dragon
 25409 | D:14     | Gained Berold as an ally
 25987 | D:15     | Entered Level 15 of the Dungeon
 26097 | D:15     | Noticed an ettin
 26130 | D:15     | Killed an ettin
 26212 | D:15     | Found a runed translucent gate.
 26212 | D:15     | Found a runed translucent gate.
 26213 | D:15     | Found a runed translucent gate.
 26214 | D:15     | Found an opulent altar of Gozag.
 26230 | D:15     | Noticed an ettin
 26231 | D:15     | Noticed Yore's ghost (adept GrFi)
 26233 | D:15     | Noticed a stone giant
 26233 | D:15     | Noticed a fire dragon
 26234 | D:15     | Found Coheol's Assorted Antiques.
 26235 | D:15     | Found Foatux's Assorted Antiques.
 26241 | D:15     | Killed a stone giant
 26242 | D:15     | Killed an ettin
 26245 | D:15     | Killed Yore's ghost
 26246 | D:15     | Killed a fire dragon
 26246 | D:15     | Reached XP level 14. HP: 22/111 MP: 16/20
 26576 | D:15     | Bought a potion of heal wounds for 150 gold pieces
 26622 | D:15     | Found a staircase to the Depths.
 26735 | D:15     | Reached skill level 5 in Shields
 26920 | D:15     | Reached skill level 10 in Dodging
 28502 | Lair:3   | Found a hole to the Spider Nest.
 28938 | Lair:3   | Found a staircase to the Swamp.
 29528 | Lair:4   | Found a frozen archway.
 29571 | IceCv    | Entered an ice cave
 29899 | IceCv    | Got an ancient hunting sling
 30935 | IceCv    | Noticed a white draconian
 30948 | IceCv    | Killed a white draconian
 31071 | IceCv    | Identified the +4 hunting sling "Ymasiefa" {freeze, MR+
                  | Stlth+} (You found it in an ice cave)
 31965 | Lair:5   | Reached skill level 10 in Maces & Flails
 31986 | Lair:5   | Noticed Luam's ghost (journeyman OpFi)
 31989 | Lair:5   | Found a runed translucent door.
 32044 | Lair:5   | Killed Luam's ghost
 32872 | Lair:6   | Entered Level 6 of the Lair of Beasts
 32913 | Lair:6   | Reached XP level 15. HP: 97/117 MP: 21/21
 32920 | Lair:6   | Gained Brandogh as an ally
 33845 | Lair:6   | Found a viscous altar of Jiyva.
 33845 | Lair:6   | Found a staircase to the Slime Pits.
 34622 | Lair:6   | Identified a scroll of acquirement
 34841 | Lair:6   | Found a runed translucent door.
 35694 | Swamp:1  | Entered Level 1 of the Swamp
 38771 | Swamp:4  | Entered Level 4 of the Swamp
 39152 | Swamp:4  | Reached skill level 15 in Armour
 39164 | Swamp:3  | Reached XP level 16. HP: 53/132 MP: 22/22
 39476 | Swamp:4  | Noticed a thorn hunter
 39484 | Swamp:4  | Killed a thorn hunter
 39981 | Swamp:4  | Noticed Aizul
 39982 | Swamp:4  | Reached skill level 10 in Shields
 39992 | Swamp:3  | Killed Aizul
 41325 | Swamp:4  | Got a decaying rune of Zot
 41359 | Swamp:4  | Noticed Donald
 41368 | Swamp:4  | Killed Donald
 41368 | Swamp:4  | Reached skill level 10 in Fighting
 41736 | Vaults:1 | Entered Level 1 of the Vaults
 43203 | Vaults:1 | Noticed an Ice Fiend
 43737 | Vaults:1 | Gained Wulfoc as an ally
 44588 | D:14     | You paid a toll of 18 scrolls of teleportation to enter a
                  | treasure trove
 44589 | Trove    | Entered a treasure trove
 44611 | Trove    | Identified Sif Muna's Grimoire of Sinister Magic and
                  | Conjuration
 44634 | Trove    | Got a vibrating lapis lazuli ring
 44636 | Trove    | Got a twitching lead ring
 44656 | Trove    | Identified the ring "Waguh" {Fire Str+6 Slay-5} (You found
                  | it in a treasure trove)
 44658 | Trove    | Identified the ring "Voitt" {Ice rN++ Int-3} (You found it
                  | in a treasure trove)
 44895 | Vaults:2 | Reached XP level 17. HP: 67/144 MP: 20/23
 45282 | Vaults:2 | Your ally Ogrik died
 45784 | Vaults:2 | You fall into a shaft and drop 2 floors!
 45907 | Vaults:3 | Gained Worak as an ally
 45934 | Vaults:2 | Your ally Wulfoc died
 46600 | Vaults:2 | Noticed an ancient champion
 46607 | Vaults:2 | Killed an ancient champion
 46619 | Vaults:2 | Found a staircase to the Crypt.
 46893 | Vaults:2 | Noticed an Executioner
 46901 | Vaults:2 | Your ally Worak died
 46909 | Vaults:2 | Your ally Bogrim died
 48014 | D:15     | Bought a potion of curing for 96 gold pieces
 48144 | D:9      | Bought a potion of curing for 36 gold pieces
 48144 | D:9      | Bought a potion of heal wounds for 60 gold pieces
 48144 | D:9      | Bought 2 potions of curing for 72 gold pieces
 48144 | D:9      | Bought 2 potions of berserk rage for 120 gold pieces
 48144 | D:9      | Bought 2 potions of haste for 240 gold pieces
 48144 | D:9      | Bought a potion of haste for 120 gold pieces
 48144 | D:9      | Bought a potion of curing for 36 gold pieces
 48296 | Orc:2    | Bought a potion of curing for 30 gold pieces
 48296 | Orc:2    | Bought a potion of heal wounds for 50 gold pieces
 48296 | Orc:2    | Bought 2 potions of magic for 160 gold pieces
 48296 | Orc:2    | Bought a potion of might for 40 gold pieces
 48296 | Orc:2    | Bought a potion of curing for 30 gold pieces
 48296 | Orc:2    | Bought a potion of curing for 30 gold pieces
 48296 | Orc:2    | Bought a potion of magic for 80 gold pieces
 48296 | Orc:2    | Bought a potion of haste for 100 gold pieces
 48296 | Orc:2    | Bought a potion of haste for 100 gold pieces
 48296 | Orc:2    | Bought a potion of cancellation for 80 gold pieces
 48306 | Orc:2    | Bought a wand of acid (5) for 306 gold pieces
 48758 | Vaults:3 | Noticed a sphinx
 48765 | Vaults:3 | Killed a sphinx
 48788 | Vaults:3 | Got a slimy ivory ring
 48790 | Vaults:3 | Identified the ring "Dinyinurr" {rN+ Slay+2} (You found it
                  | on level 3 of the Vaults)
 49016 | Vaults:3 | Found a runed translucent gate.
 49016 | Vaults:3 | Found a runed translucent gate.
 49016 | Vaults:3 | Found a runed translucent gate.
 49016 | Vaults:3 | Noticed a deep elf blademaster
 49016 | Vaults:3 | Noticed a deep elf master archer
 49017 | Vaults:3 | Noticed ragingrage's ghost (veteran HOFi)
 49672 | Vaults:3 | Identified the +8 quarterstaff "Xeixt" {drain, *Drain rElec
                  | Int+7}
 50159 | Vaults:3 | Reached XP level 18. HP: 161/161 MP: 22/24
 50421 | Vaults:3 | Found an iron altar of Okawaru.
 50448 | Vaults:3 | Your ally Berold died
 50451 | Vaults:3 | Killed a deep elf blademaster
 50457 | Vaults:3 | Killed a deep elf master archer
 50475 | Vaults:3 | Killed ragingrage's ghost
 50863 | Vaults:4 | Noticed a lich
 50871 | Vaults:4 | Noticed a Tzitzimitl
 50980 | Vaults:3 | Killed a lich
 51084 | Vaults:4 | Reached skill level 15 in Fighting
 51092 | Vaults:4 | Identified the +2 robe "Gyfir" {-Tele rF+ Str+4 Int+5}
 51132 | Vaults:4 | Gained Wardok as an ally
 51520 | Vaults:4 | Your ally Brandogh died
 52325 | Vaults:4 | Reached skill level 15 in Maces & Flails
 53021 | Depths:1 | Entered Level 1 of the Depths
 53058 | Depths:1 | Found a gateway to Hell.
 53071 | Depths:1 | Found a sparkling altar of Nemelex Xobeh.
 53489 | Depths:1 | Found a gateway to a ziggurat.
 54046 | Depths:1 | Noticed a lich
 54055 | Depths:1 | Killed a lich
 54250 | Depths:1 | Identified the +6 fire dragon scales "Roikk" {-Tele rF++
                  | rC- Int+5}
 54477 | Depths:1 | Reached XP level 19. HP: 143/174 MP: 25/25
 54951 | Depths:2 | Noticed a lich
 54963 | Depths:2 | Killed a lich
 55441 | Depths:2 | Found a runed translucent gate.
 55441 | Depths:2 | Found a runed translucent gate.
 55441 | Depths:2 | Found a runed translucent gate.
 55443 | Depths:2 | Identified the cursed +3 halberd "Iguni" {pain, Str+2}
 55443 | Depths:2 | Identified the ring "Qoas" {Fire MP-9 Dex+9 Slay+2 Stlth+}
 55444 | Depths:2 | Noticed an Ice Fiend
 55494 | Depths:2 | Found a one-way gate to the infinite horrors of the Abyss.
 55865 | Depths:2 | Noticed Himmaryad's ghost (adept TrMo)
 56090 | Depths:2 | Found the +2 hood of the Assassin {Detection Stab+ Stlth++}
 56564 | Depths:2 | Killed Himmaryad's ghost
 56574 | Depths:2 | Killed an Ice Fiend
 56920 | Depths:3 | Gained Olfik as an ally
 56935 | Depths:3 | Gained Bogdar as an ally
 56977 | Depths:3 | Found Viyw's Gadget Emporium.
 56977 | Depths:3 | Found Oricwify's Jewellery Boutique.
 56978 | Depths:3 | Found Higou's Jewellery Boutique.
 57000 | Depths:3 | Noticed Bai Suzhen
 57018 | Depths:3 | Killed Bai Suzhen
 57100 | Depths:3 | Found a magical portal.
 57112 | WizLab   | Entered The Chambers of the Cloud Mage
 58312 | WizLab   | Identified the ring of Qaikor {+Blink EV+4}
 58326 | WizLab   | Noticed Ciqowk
 58334 | WizLab   | Reached skill level 15 in Shields
 58673 | WizLab   | Killed Ciqowk the Cloud Mage
 59000 | WizLab   | Identified a +1 pair of boots of running (You found it in a
                  | wizard's laboratory)
 59002 | WizLab   | Identified the Almanac of the Birds
 59243 | Depths:3 | Found a one-way gate leading to the halls of Pandemonium.
 59474 | Depths:3 | Noticed a golden dragon
 59497 | Depths:3 | Reached XP level 20. HP: 178/189 MP: 26/26
 59640 | Depths:3 | Killed a golden dragon
 60596 | Vaults:5 | Entered Level 5 of the Vaults
 60877 | Vaults:5 | Noticed a golden dragon
 61102 | Vaults:5 | Noticed a Tzitzimitl
 61112 | Vaults:4 | Killed a golden dragon
 61279 | Vaults:5 | Identified the +8 plate armour of Gozag's Regard {rF+ rC-
                  | Dex+7 Stlth+}
 62091 | Vaults:5 | Noticed an iron giant
 62092 | Vaults:5 | Noticed a golden dragon
 62095 | Vaults:5 | Noticed a golden dragon
 62095 | Vaults:5 | an iron giant changed into a golden dragon
 62096 | Vaults:5 | a golden dragon changed into a shadow dragon
 62367 | Vaults:5 | Your ally Bolgrim died
 62377 | Vaults:5 | Killed a golden dragon
 62378 | Vaults:5 | Noticed a golden dragon
 62378 | Vaults:5 | an iron dragon changed into a golden dragon
 62381 | Vaults:5 | Noticed a shard shrike
 62381 | Vaults:5 | a golden dragon changed into a shard shrike
 62383 | Vaults:5 | Your ally Olfik died
 62393 | Vaults:5 | Killed a shard shrike
 62555 | Vaults:5 | Reached XP level 21. HP: 98/199 MP: 18/27
 62845 | Vaults:5 | Identified the +9 scimitar "Suklum" {protect, *Noise rF++
                  | Dex+6}
 63085 | Vaults:5 | Noticed a golden dragon
 63100 | Vaults:5 | Killed a golden dragon
 63157 | Vaults:5 | Identified the +3 chain mail "Ewaowas" {SInv} (You found it
                  | on level 5 of the Vaults)
 63289 | Vaults:5 | Identified the Incunabulum of Flamy Talismans
 63301 | Vaults:5 | Identified the +5 dagger of Guebuschuat {venom, +Fly Dex+4}
                  | (You found it on level 5 of the Vaults)
 63313 | Vaults:5 | Found the +3 sling "Punk" {acid, rCorr}
 63314 | Vaults:5 | Identified the Tome of the Compass and Heat
 63339 | Vaults:5 | Got a silver rune of Zot
 63730 | Vaults:5 | Got a bone dagger
 63735 | Vaults:5 | Got a slimy rapier
 63736 | Vaults:5 | Identified the +1 dagger of Radicalism {drain, rC+} (You
                  | found it on level 5 of the Vaults)
 63738 | Vaults:5 | Identified the +12 rapier of the Tomato {flame, +Fly Str+3}
                  | (You found it on level 5 of the Vaults)
 63755 | Vaults:5 | Identified the +8 war axe of the Maze {vorpal, MR++}
 63755 | Vaults:5 | Identified the amulet of Gihux {RegenMP Fragile rN+ Str+3}
 64876 | Spider:1 | Entered Level 1 of the Spider Nest
 65266 | Spider:1 | Gained Borgk as an ally
 65790 | Spider:1 | Gained Orbeogh as an ally
 66361 | Spider:1 | Reached skill level 5 in Axes
 66712 | Spider:2 | Your ally Orbeogh died
 66778 | Spider:2 | Gained Bogrim as an ally
 66853 | Spider:2 | Got the +7 demon whip of Dowku {flame, rC+ MR+ MP+9}
 67066 | Spider:4 | Entered Level 4 of the Spider Nest
 67708 | Spider:4 | Reached XP level 22. HP: 206/209 MP: 28/28
 67813 | Spider:4 | Got a gossamer rune of Zot
 68314 | Zig:1    | Entered Level 1 of a ziggurat
 68314 | Zig:1    | Noticed Xoutuciz the pandemonium lord
 68366 | Zig:1    | Killed Xoutuciz the pandemonium lord
 68737 | Zig:2    | Entered Level 2 of a ziggurat
 68916 | Zig:3    | Entered Level 3 of a ziggurat
 69136 | Zig:4    | Entered Level 4 of a ziggurat
 69160 | Zig:4    | Noticed a greater mummy
 69188 | Zig:4    | Killed a greater mummy
 69227 | Zig:4    | Got a warped turquoise ring
 69251 | Zig:4    | Identified the cursed ring of Enafibreri {rPois MR+ AC-4
                  | Str+3} (You found it on level 4 of a ziggurat)
 69615 | Zig:5    | Entered Level 5 of a ziggurat
 69621 | Zig:5    | Gained mutation: You tend to lose your temper in combat. [a
                  | neqoxec]
 69621 | Zig:5    | Paralysed by an orc sorcerer for 3 turns
 70278 | Depths:4 | Gained Boghold as an ally
 70424 | Depths:4 | Noticed a juggernaut
 70501 | Depths:4 | Noticed Louise
 70509 | Depths:4 | Killed Louise
 70617 | Depths:4 | Paralysed by a floating eye for 4 turns
 71132 | Depths:4 | Reached XP level 23. HP: 216/216 MP: 30/30
 71135 | Depths:4 | Got the +0 tower shield of the Cricket {Harm rElec MR++
                  | rCorr Stlth-}
 71405 | Depths:5 | Entered Level 5 of the Depths
 71405 | Depths:5 | Found Adex's Weapon Boutique.
 71405 | Depths:5 | Noticed Saint Roka
 72197 | Depths:5 | Reached skill level 10 in Invocations
 72947 | Depths:5 | Your ally Morguth died
 73268 | Depths:5 | Lost mutation: You tend to lose your temper in combat.
                  | [potion of mutation]
 73268 | Depths:5 | Gained mutation: Armour fits poorly on your strangely
                  | shaped body. [potion of mutation]
 73268 | Depths:5 | Gained mutation: You have a somewhat thin skeletal
                  | structure. (Dex +2, Stealth) [potion of mutation]
 73268 | Depths:5 | Gained mutation: You have supernaturally acute eyesight.
                  | (SInv) [potion of mutation]
 73269 | Depths:5 | Lost mutation: Armour fits poorly on your strangely shaped
                  | body. [potion of mutation]
 73269 | Depths:5 | Lost mutation: You have a somewhat thin skeletal structure.
                  | (Dex +2, Stealth) [potion of mutation]
 73269 | Depths:5 | Gained mutation: You have a somewhat thin skeletal
                  | structure. (Dex +2, Stealth) [potion of mutation]
 73269 | Depths:5 | Gained mutation: You have very sharp teeth. [potion of
                  | mutation]
 73450 | Depths:5 | Your ally Bogrim died
 73453 | Depths:5 | Gained Bogric as an ally
 73465 | Depths:5 | Noticed a golden dragon
 73473 | Depths:5 | Killed a golden dragon
 73540 | Depths:5 | Found a gate to the Realm of Zot.
 73958 | Zot:1    | Entered Level 1 of the Realm of Zot
 73966 | Zot:1    | Reached skill level 15 in Dodging
 73978 | Zot:1    | Noticed a golden dragon
 74346 | Zot:1    | Killed a golden dragon
 74381 | Zot:1    | Your ally Boghold died
 74767 | Zot:1    | Reached XP level 24. HP: 157/226 MP: 31/31
 76213 | Zot:2    | Got a steaming flail
 76215 | Zot:2    | Identified the +6 flail of the Fray {vorpal, SInv Stlth+}
                  | (You found it on level 2 of the Realm of Zot)
 77060 | Zot:5    | Entered Level 5 of the Realm of Zot
 77503 | Zot:5    | Gained Morun as an ally
 77779 | Zot:5    | Noticed an ancient lich
 77787 | Zot:5    | Your ally Morun died
 77938 | Zot:5    | Killed an ancient lich
 78293 | Zot:5    | Noticed an orb of fire
 78303 | Zot:5    | Gained mutation: Potions are less effective at restoring
                  | your health. [an orb of fire]
 78304 | Zot:5    | Killed an orb of fire
 78304 | Zot:5    | Reached skill level 10 in Evocations
 78305 | Zot:5    | Noticed a Killer Klown
 78305 | Zot:5    | Noticed an ancient lich
 78308 | Zot:5    | Noticed an orb of fire
 78308 | Zot:5    | Noticed a Killer Klown
 78308 | Zot:5    | Noticed a curse toe
 78319 | Zot:5    | Noticed a Killer Klown
 78336 | Zot:5    | Killed a curse toe
 78336 | Zot:5    | Reached XP level 25. HP: 167/235 MP: 32/32
 78336 | Zot:5    | Your ally Boghold died
 78337 | Zot:5    | Killed an orb of fire
 78339 | Zot:5    | Killed an ancient lich
 78353 | Zot:5    | Killed a Killer Klown
 78357 | Zot:5    | Killed a Killer Klown
 78359 | Zot:5    | Noticed an orb of fire
 78367 | Zot:5    | Killed a Killer Klown
 78371 | Zot:5    | Killed an orb of fire
 78647 | Zot:5    | Gained Murdo as an ally
 78828 | Zot:5    | Got the Orb of Zot
 78847 | Zot:5    | Gained mutation: Your body sometimes deteriorates upon
                  | taking damage. [mutagenic glow]
 78878 | Zot:5    | Gained mutation: Armour fits poorly on your strangely
                  | shaped body. [mutagenic glow]
 78931 | Zot:4    | Lost mutation: You have a somewhat thin skeletal structure.
                  | (Dex +2, Stealth) [mutagenic glow]
 79510 | D:$      | Escaped with the Orb!

Illustrated notes

Levels and vault maps discovered:
D:1:      wander_arrival_chamber, layout_loops_ring, serial_bayou_lagoon_b
D:2:      layout_loops_ring, ebering_dispersal_statue_hall, uniq_terence
D:3:      layout_rooms, nicolae_ru_sacrificial_ziggurat
D:4:      layout_basic
D:5:      layout_loops_cross, grunt_temple_overflow_forces_of_nature,
          tso_oasis_becter, first_ration, doesnt_xom_only_xom
D:6:      layout_loops_ring, lemuel_zombie_altar_yredelemnul, uniq_sigmund,
          uniq_duvessa
D:7:      layout_rooms, minmay_temple_entry_gardened_gates
D:8:      layout_basic, the_bakery, uniq_maggie
D:9:      layout_long_grid, kennysheep_little_box, basic_altar, special_room
          [special_room_bee], serial_shops, nicolae_shop_stone
D:10:     layout_cave_pods, david_lair_generic, david_orc_5, uniq_fannar
D:11:     layout_rooms, kennysheep_nub, eino_curves_01, kennysheep_path_1,
          lemuel_tele_altar
D:12:     layout_basic, hangedman_feature_mirror, uniq_rupert
D:13:     layout_small_grid
D:14:     layout_loops_corners, erik_vaults_1, enter_trove_1, fedhas_altar_3
D:15:     hangedman_depths_entry_civil_slaughter, layout_basic,
          minmay_stone_trees_small, ebering_ghost_gozag, minmay_misc_feat_roman
Lair:1:   layout_loops_ring, basic_altar, st_stairs_5, infiniplex_staircase_pool
Lair:2:   layout_roguey, infiniplex_staircase_pool_2, lemuel_fruit_fields,
          minmay_lair_oklob_chamber, grunt_megastairs_5, serial_bayou_shore_b,
          lemuel_fruit_fields
Lair:3:   layout_loops_ring, swamp_mist, nicolae_spider_entry_non_spiders
Lair:4:   layout_roguey, portal_ice_cave_entry_ice_beasts
Lair:5:   layout_loops_ring, hellmonk_ghost_happy_afterlife
Lair:6:   wormcave, layout_cave_pods, hangedman_lair_tendril_chambers,
          dpeg_slime_entry_enclosed_altar, wad_woods_03
Swamp:1:  layout_basic_swamp, hangedman_swamp_blocks, swamp_pool2
Swamp:2:  layout_basic_swamp, evilmike_swamp_ruin_rubble_1
Swamp:3:  layout_basic_swamp, evilmike_swamp_ruin_house_2, swamp_pool4
Swamp:4:  swamp, layout_basic_swamp, uniq_donald, uniq_aizul
Spider:1: layout_spider_delve
Spider:2: layout_spider_delve, minmay_another_anthill
Spider:3: spiders_nest_scorpion_pit, uniq_roxanne
Spider:4: spider_rune_water, hangedman_spider_tarantella_strand
Orc:1:    cheibrodos_orc_guarddog, layout_caves, basic_altar, abandoned_shop,
          abandoned_shop, nicolae_orc_flooded_monolith, nicolae_orc_lost_temple
Orc:2:    st_orc_elflike, layout_diamond_mine
Vaults:1: hangedman_vaults_locks, vaults_mumra_chevron,
          nicolae_vaults_disjoint_gnomons, v_misc_12, st_lines, v_rooms_1,
          nicolae_vaults_border_crossing, vaults_room_semicircle,
          layout_vaults_chaotic_city
Vaults:2: vaults_room_semicircle, vaults_dpeg_spiral, nicolae_vaults_rhombus_5,
          v_rooms_5, grunt_vaults_twisty, nicolae_vaults_network_barrier,
          grunt_vaults_focal, minmay_crypt_entry_simple_statues, v_misc_17,
          v_alt_pattern_2, vaults_room_grunt_arrival_checkpoint,
          layout_vaults_omnicross, serial_glass
Vaults:3: gammafunk_vaults_ghost_fury_of_okawaru, v_misc_2,
          ontoclasm_vaults_shuriken, vaults_room_pool, vaults_room_pool,
          nicolae_vaults_diagonal_hallway_7, ontoclasm_vaults_eye,
          layout_vaults_omnigrid
Vaults:4: nicolae_vaults_inception_scallops, v_misc_10, st_smaller_cells,
          vaults_dpeg_hooks, nicolae_vaults_network_star,
          nicolae_vaults_stairing_the_circle, v_misc_9, hangedman_vaults_unwind,
          nicolae_vaults_diagonal_hallway_7, ontoclasm_vaults_loading_screen,
          dpeg_vaults_monster_box, v_misc_17, layout_vaults_omnibox,
          uniq_margery
Vaults:5
Depths:1: layout_roguey, enter_ziggurat_b, grunt_decor_clamped, hell_entry,
          nemelex_altar_shiori
Depths:2: minmay_bloctagon_deflated, layout_small_grid, minmay_room_of_horrors,
          pf_hell_entry_tar_spiral, gammafunk_ghost_icy, nrook_mini_vaults,
          minmay_microvault
Depths:3: kennysheep_windowed_halls, layout_cave_pools, hell_entry,
          rand_demon_pan_entry_8, abyss_entry_crystal, mu_enter_wizlab_6,
          hangedman_decor_riveting, drop_trap, solitary_fountain,
          infiniplex_staircase_squiggle, minmay_shop_grove, uniq_bai_suzhen
Depths:4: grunt_twist_and_shout, layout_long_grid,
          nicolae_abyss_entry_one_way_or_another, hell_entry,
          serial_bayou_lagoon_a, minivault_16
Depths:5: evilmike_zot_entry_gauntlet, layout_cave_shapes,
          kennysheep_flooded_box, serial_shops, shop, abyss_entry,
          grunt_hell_entry_dis_mu, uniq_saint_roka
Zot:1:    layout_onion
Zot:2:    gammafunk_sealed_library, layout_basic
Zot:3:    layout_concentric_octagons, st_stairs_8
Zot:4:    layout_gridlike, bh_zot_lava_cross
Zot:5:    layout_misc_corridors, ebering_ghost_disaster_area

Skill      XL: |  1  2  3  4  5  6  7  8  9 10 11 12 13 14 15 16 17 18 19 20 21 22 23 24 25 |
---------------+----------------------------------------------------------------------------+-----
Fighting       | 1 2 3 4 5 6 9 11 14 16 18 19 20 21 | 21.4
Earth Magic    | 4 5 |  5.3
Armour         | 2 4 6 7 8 10 11 13 14 15 16 17 18 19 20 21 | 21.3
Throwing       | 1 2 |  2.1
Axes           | 1 6 |  6.7
Long Blades    | 2 4 6 8 9 |  9.9
Dodging        | 2 4 5 6 7 9 10 11 12 13 14 15 | 15.8
Invocations    | 2 5 8 9 10 12 13 | 13.2
Evocations     | 2 4 6 7 8 10 | 10.6
Maces & Flails | 5 8 10 11 13 14 15 16 17 | 17.3
Shields        | 4 7 9 11 12 14 15 16 17 18 | 18.7
Stealth        | 3 4 |  4.7
Spellcasting   | |  1.5
Transmutations | |  0.6

Action                   |  1- 3 |  4- 6 |  7- 9 | 10-12 | 13-15 | 16-18 | 19-21 | 22-24 | 25-27 || total
-------------------------+-------+-------+-------+-------+-------+-------+-------+-------+-------++-------
Melee: Unarmed           |     9 |       |       |       |       |       |       |       |       ||     9
       Dagger            |    80 |    93 |       |       |       |       |       |       |       ||   173
       War axe           |       |    28 |    34 |       |       |       |   317 |       |       ||   379
       Falchion          |       |       |   367 |   548 |   139 |       |       |       |       ||  1054
       Rapier            |       |       |     5 |    16 |       |       |       |       |       ||    21
       Eveningstar       |       |       |       |       |   869 |  1017 |   769 |    32 |       ||  2687
       Demon whip        |       |       |       |       |       |       |   166 |   940 |    81 ||  1187
       Bite              |       |       |       |       |       |       |       |    77 |     9 ||    86
Throw: Dart              |       |     8 |       |    10 |       |     2 |       |       |       ||    20
       Stone             |       |     1 |       |       |       |       |       |       |       ||     1
       Throwing net      |       |       |       |     1 |     1 |       |       |       |       ||     2
 Cast: Sandblast         |    25 |    29 |    37 |     9 |     2 |       |       |       |       ||   102
Invok: Convert to Beogh  |       |       |     1 |       |       |       |       |       |       ||     1
       Recall Orcish Fol |       |       |       |     7 |    20 |    39 |    17 |    26 |    11 ||   120
       Smiting           |       |       |       |     2 |     3 |     2 |     2 |     1 |       ||    10
       Resurrection      |       |       |       |       |       |     4 |       |     2 |     1 ||     7
       Give Item to Name |       |       |       |       |       |     1 |     1 |     3 |     2 ||     7
       Stop Recall       |       |       |       |       |       |       |       |     1 |       ||     1
 Abil: Evoke Blink       |       |       |       |       |       |       |       |     1 |       ||     1
Evoke: Wand              |       |       |       |    24 |    16 |     2 |     5 |     2 |     2 ||    51
       Box of beasts     |       |       |       |       |     2 |       |     1 |       |       ||     3
       Phial of floods   |       |       |       |       |       |     1 |       |       |       ||     1
  Use: Scroll            |     3 |     7 |     5 |    10 |    19 |     9 |    17 |    12 |     1 ||    83
       Potion            |     2 |       |       |     3 |       |     7 |    17 |     9 |       ||    38
 Stab: Sleeping          |       |     4 |       |       |       |       |       |       |       ||     4
       Distracted        |       |       |       |     7 |     8 |     7 |     6 |     4 |     2 ||    34
       Held in net/web   |       |       |       |     2 |       |       |       |       |       ||     2
  Eat: Chunk             |     3 |     9 |    14 |    14 |    26 |    18 |     4 |     2 |       ||    90
       Ration            |       |       |     3 |     8 |    10 |    10 |    11 |    10 |       ||    52
Armor: Robe              |    21 |       |       |       |       |       |       |       |       ||    21
       Leather armour    |     2 |    18 |       |       |       |       |       |       |       ||    20
       Scale mail        |       |    32 |   175 |   150 |       |       |       |       |       ||   357
       Chain mail        |       |       |       |   140 |   278 |       |       |       |       ||   418
       Plate armour      |       |       |       |    23 |       |   368 |   287 |       |       ||   678
       Fire dragon scale |       |       |       |       |   435 |   171 |       |       |       ||   606
       Storm dragon scal |       |       |       |       |       |       |    68 |       |       ||    68
       Gold dragon scale |       |       |       |       |       |       |   257 |   329 |    21 ||   607
Dodge: Dodged            |    59 |    82 |   224 |   368 |   610 |   373 |   593 |   276 |    10 ||  2595
Block: Kite shield       |       |       |       |       |   578 |   633 |   804 |   195 |       ||  2210
       Tower shield      |       |       |       |       |       |       |       |   460 |    44 ||   504
       Rpst.: Falchion   |       |       |    55 |    95 |    20 |       |       |       |       ||   170
